 Dungeon Crawl Stone Soup version 0.31-a0-188-g5e087ee2ca (webtiles) character file.

Game seed: 4250697670720997584

86 qw the Shooter (level 4, -2/25 HPs)
             Began as a Deep Elf Hunter on June 22, 2023.
             Killed from afar by Ijyb (12 damage)
             ... with a puff of flame
             ... on level 3 of the Dungeon.
             The game lasted 00:00:47 (1884 turns).

qw the Shooter (Deep Elf Hunter)                    Turns: 1884, Time: 00:00:47

Health: -2/25      AC:  8    Str: 10    XL:     4   Next: 26%
Magic:  6/6        EV: 11    Int: 14    God:
Gold:   112        SH:  0    Dex: 18    Spells: 3/3 levels left

rFire   . . .        Y - +0 shortbow
rCold   . . .        (shield currently unavailable)
rNeg    . . .        l - +0 ring mail
rPois   .            (no helmet)
rElec   .            (no cloak)
rCorr   .            (no gloves)
SInv    .            e - +2 pair of boots
Will    .....        (no amulet)
Stlth   +            (no ring)
HPRegen 0.24/turn    (no ring)
MPRegen 0.10/turn

%: no passive effects
@: no status effects
A: no striking features
a: no special abilities


You were on level 3 of the Dungeon.
You visited 1 branch of the dungeon, and saw 3 of its levels.

You collected 112 gold pieces.


   Skills:
 - Level 1.5 Fighting
 + Level 7.7 Ranged Weapons
 - Level 2.4 Dodging
 - Level 1.2 Stealth


You had 3 spell levels left.
You didn't know any spells.
Your spell library was empty.

Inventory:

Hand Weapons
 Y - a +0 shortbow (weapon)
Armour
 e - a +2 pair of boots (worn)
 l - a +0 ring mail (worn)
Scrolls
 b - a scroll of teleportation
 i - a scroll of identify
Potions
 c - a potion of enlightenment
 f - 2 potions of curing
 g - a potion of might {unknown}
 h - a potion of heal wounds
 k - a potion of brilliance {unknown}

Dungeon Overview and Level Annotations

Branches:
Dungeon (3/15)

Altars:
Qazlal

Annotations:
D:3 Ijyb


Message History

A ball python comes into view.
Ijyb zaps a wand.
The puff of flame misses you.
You shoot an arrow.
The arrow completely misses the ball python.
You shoot an arrow.
The arrow closely misses the ball python.
The ball python barely misses you. The ball python completely misses you.
Ijyb zaps a wand.
The puff of flame hits you!
You shoot an arrow. The arrow hits the ball python.
The ball python is severely wounded.
The ball python bites you but does no damage.
The ball python barely misses you.
The ball python bites you but does no damage.
The ball python barely misses you.
You shoot an arrow. The arrow hits the ball python!
You kill the ball python!
You shoot an arrow. The arrow hits Ijyb but does no damage.
Ijyb zaps a wand.
The puff of flame misses you.
You shoot an arrow. The arrow hits Ijyb but does no damage.
You shoot an arrow. The arrow hits Ijyb.
Ijyb is lightly wounded.
Ijyb hits you but does no damage.
You shoot an arrow. The arrow completely misses Ijyb.
Ijyb hits you with a +0 dagger.
You shoot an arrow. The arrow closely misses Ijyb.
Ijyb closely misses you.
You shoot an arrow. The arrow hits Ijyb but does no damage.
Ijyb is lightly wounded.
Ijyb closely misses you.
You shoot an arrow. The arrow hits Ijyb but does no damage.
Ijyb is lightly wounded.
Ijyb closely misses you.
You shoot an arrow. The arrow hits Ijyb but does no damage.
Ijyb is lightly wounded.
Ijyb screams, "Get away!"
Ijyb zaps a wand.
The puff of flame hits you.
You shoot an arrow. The arrow hits Ijyb!
Ijyb is moderately wounded.
Ijyb barely misses you.
Ijyb zaps a wand.
The puff of flame hits you!
You die...

.............# #.#
...####.########<#.
#)#
#''####............
#.#
~..~~~#.########..#
#.# .....~#.##.#
#..# #.##
#....~#....# #..#
#... .....~#.##'##
#..# ####
...%.~###...# #g.#
######## ...#.~#
#...####@.#
#......# .....~#
#.......%.#
#......# ~..~~~#
#########.#
#......# #%'#### .#
#>.....## #..##.#
.# #........
#...#.# .#
######... #...#.#
.# #... #.#.#.# ..
#... #.#.#.# .#
#...


You could see Ijyb.

Vanquished Creatures
  4 worms
  A dart slug (D:3)
  An orc (D:3)
  7 ball pythons
  7 bats
  8 endoplasms
  5 giant cockroaches
  5 goblins
  2 hobgoblins (D:2)
  10 jackals
  3 kobolds
  A quokka (D:1)
  2 frilled lizards
  7 rats
63 creatures vanquished.

Notes
Turn   | Place    | Note
-------+----------+-------------------------------------------
     0 | D:1      | qw the Deep Elf Hunter began the quest for the Orb.
     0 | D:1      | Reached XP level 1. HP: 12/12 MP: 3/3
     0 | D:1      | 0 ||| qw: Version: 0.3-a-9-g12657ce
     0 | D:1      | 0 ||| qw: Game counter: 2901
     0 | D:1      | 0 ||| qw: Always use a shield: true
     0 | D:1      | 0 ||| qw: God list: Okawaru
     0 | D:1      | 0 ||| qw: Allow faded altars: false
     0 | D:1      | 0 ||| qw: Do Orc after D:15 true
     0 | D:1      | 0 ||| qw: Do second Lair branch before Depths: true
     0 | D:1      | 0 ||| qw: Lair rune preference: random
     0 | D:1      | 0 ||| qw: Plans: Normal
     0 | D:1      | 0 ||| PLANNING D:1-11
   100 | D:1      | Reached skill level 6 in Ranged Weapons
   100 | D:1      | Reached XP level 2. HP: 12/16 MP: 4/4
   407 | D:1      | Reached XP level 3. HP: 20/20 MP: 5/5
   478 | D:1      | 478 ||| UPGRADING to +0 ring mail.
   488 | D:1      | 488 ||| DROPPING +0 leather armour.
   489 | D:1      | 489 ||| READING scroll labelled PAUNTE YPIF.
   490 | D:1      | 490 ||| READING scroll labelled YSICZY HEOX.
   527 | D:1      | 527 ||| READING scroll labelled WAIZYO PUQUPE.
   528 | D:1      | 528 ||| READING 2 scrolls labelled XIXKES ASHIVVI.
   529 | D:1      | 529 ||| READING scroll labelled RAKOYH QYIGIUMN.
   530 | D:1      | 530 ||| READING scroll labelled HUNNAO LOUZ.
   535 | D:1      | 535 ||| DROPPING scroll of butterflies.
   638 | D:2      | Reached skill level 7 in Ranged Weapons
   644 | D:2      | Found a stormy altar of Qazlal.
  1208 | D:2      | 1208 ||| UPGRADING to +2 pair of boots.
  1213 | D:2      | 1213 ||| READING scroll labelled SYNOSTR SAITH.
  1214 | D:2      | 1214 ||| READING scroll labelled ROTTIL DUINICO.
  1215 | D:2      | 1215 ||| READING scroll labelled ASHOVANLYZ.
  1216 | D:2      | 1216 ||| READING scroll labelled QOXZUI KYIRAO.
  1217 | D:2      | 1217 ||| DRINKING 3 glowing green potions.
  1218 | D:2      | 1218 ||| DRINKING 2 grey potions.
  1219 | D:2      | 1219 ||| READING 2 scrolls of identify.
  1219 | D:2      | 1219 ||| IDENTIFYING emerald potion
  1616 | D:3      | Reached XP level 4. HP: 25/25 MP: 6/6
  1870 | D:3      | Noticed Ijyb
  1884 | D:3      | Killed from afar by Ijyb

Levels and vault maps discovered:
D:1:      lemuel_arrival_room, layout_basic
D:2:      layout_basic, basic_altar
D:3:      layout_basic, kennysheep_generic_room_7, uniq_ijyb, uniq_sigmund

Skill      XL: |  1  2  3 |
---------------+----------+-----
Ranged Weapons | 6 7 |  7.7
Fighting       | |  1.5
Dodging        | |  2.4
Stealth        | |  1.2

Action                     |  1- 3 |  4- 6 || total
---------------------------+-------+-------++-------
   Fire: Shortbow          |   129 |    40 ||   169
    Use: Scroll            |    11 |       ||    11
         Potion            |     2 |       ||     2
 Armour: Leather armour    |     6 |       ||     6
         Ring mail         |     8 |     9 ||    17
  Dodge: Dodged            |    17 |    12 ||    29

Table legend:
 A = Non-vault XP
 B = Vault XP
 C = Vault XP percentage of total XP
 D = Non-vault monster count
 E = Vault monster count
 F = Vault count percentage of total count
                 A         B        C        D         E       F
            +---------+---------+-------+---------+---------+-------
      Total |     118 |       5 |   4.1 |      60 |       3 |   4.8
            +---------+---------+-------+---------+---------+-------
        D:1 |      47 |       0 |   0.0 |      29 |       0 |   0.0
        D:2 |      41 |       0 |   0.0 |      19 |       0 |   0.0
        D:3 |      30 |       5 |  14.3 |      12 |       3 |  20.0
            +---------+---------+-------+---------+---------+-------
